 Dungeon Sprint DCSS version 0.18.1-8-gdd0e5ea (webtiles) character file.

11253 rftp080 the Bludgeoner (level 11, -15/114 HPs)
             Began as a Deep Dwarf Gladiator on June 4, 2016.
             Was the Champion of Makhleb.
             Demolished by a stone giant (17 damage)
             ... in the Dungeon (Sprint IX: "|||||||||||||||||||||||||||||").
             The game lasted 00:06:33 (769 turns).

rftp080 the Bludgeoner (Deep Dwarf Gladiator)        Turns: 769, Time: 00:06:34

Health: -15/114    AC: 19    Str: 23    XL:     11   Next: 46%
Magic:  11/11      EV: 19    Int:  8    God:    Makhleb [******]
Gold:   34         SH:  0    Dex: 16    Spells: 0 memorised, 10 levels left

rFire  . . .     SeeInvis .     r - +4 morningstar (crush)
rCold  . . .     Gourm    .     t - +1 chain mail
rNeg   . . .     Faith    .     (no shield)
rPois  .         Spirit   .     F - +1 hat {MR+}
rElec  .         Dismiss  .     s - +0 cloak
rCorr  .         Reflect  .     E - +0 pair of gloves
SustAt .         Harm     .     D - +0 pair of boots
MR     ++...     NoTele   +     (no amulet)
Stlth  ..........               v - +2 ring of evasion
                                u - +3 ring of strength

@: very slightly contaminated, non-regenerating, hasted, very quick, very
resistant to hostile enchantments, extremely unstealthy
A: damage resistance, recharge devices, sense surroundings 2, slow regeneration
3
a: Device Recharging, Minor Destruction, Lesser Servant of Makhleb, Major
Destruction, Greater Servant of Makhleb, Renounce Religion


You were in the Dungeon.
You worshipped Makhleb.
Makhleb was exalted by your worship.
You were very hungry.

You visited 1 branch You collected 34 gold pieces.

Inventory:

Hand Weapons
 a - a +0 flail
 r - a +4 morningstar of crushing (weapon)
Missiles
 d - 3 throwing nets (quivered)
Armour
 b - a +0 leather armour
 c - a +0 helmet
 k - a +0 helmet
 s - a +0 cloak (worn)
 t - a +1 chain mail (worn)
 D - a +0 pair of boots (worn)
 E - a +0 pair of gloves (worn)
 F - a +1 hat of magic resistance (worn)
Magical Staves
 q - an uncursed staff of energy
Jewellery
 u - a +3 ring of strength (left hand)
 v - a +2 ring of evasion (right hand)
 y - an uncursed ring of positive energy
Wands
 e - a wand of heal wounds (4/9)
 p - a wand of acid (2/15)
Scrolls
 l - 4 scrolls of blinking
 n - 3 scrolls of remove curse
 o - 2 scrolls of amnesia
 z - a scroll of fog
 B - a scroll of identify
Potions
 g - 4 potions of curing
 h - 2 potions of heal wounds
 i - a potion of haste
 j - 4 potions of magic
 m - a potion of berserk rage
 w - a potion of agility
 x - a potion of resistance
Comestibles
 f - 14 bread rations
 A - 40 fruits
 C - 12 meat rations


   Skills:
 + Level 12.0 Fighting
 * Level 17.5 Maces & Flails
 - Level 1.7 Throwing
 + Level 13.7 Armour
 + Level 14.2 Dodging


You had 10 spell levels left.
You didn't know any spells.

Dungeon Overview and Level Annotations

Branches:
Dungeon (1/1)

Altars:
Cheibriados
Dithmenos
Elyvilon
Fedhas
Gozag
Kikubaaqudgha
Makhleb
Nemelex Xobeh
Okawaru
Pakellas
Qazlal
Ru
Sif Muna
Trog
Vehumet
Xom
Yredelemnul
Zin
The Shining One
Beogh
Jiyva
Lugonu

Annotations:
D Sonja


Innate Abilities, Weirdness & Mutations

You are resistant to damage.
You can recharge devices by infusing magical energy.
You passively map the area around you.
You do not regenerate naturally.


Message History

The orc knight is almost dead.
You closely miss the orc knight.
The orc knight is almost dead.
The orc wizard casts a spell.
The orc wizard blinks!
You bludgeon the orc knight!!
You kill the orc knight!
Makhleb accepts your kill.
Your Fighting skill increases to level 12!
The stone giant throws a large rock.
The large rock hits you!!
* * * LOW HITPOINT WARNING * * *
An orc priest comes into view. It is wielding a trident.
The orc priest no longer looks unusually strong.
Items here: $ ) [ † a war axe; a chain mail; 50 gold pieces; an orc corpse Unknown command.
You sock the stone giant!
The stone giant is lightly wounded.
The stone giant hits you!!
You die...

▓_▓.▓.▓.▓ ,
, * ,
▓_▓.▓†▓.▓.▓
*
▓_▓.▓.▓.▓o▓
,* * ,
▓_▓.▓.▓.▓o▓
* *
▓_▓.▓.▓.▓o▓
* , ,
▓_▓.▓.▓.▓o▓
, ,
▓'▓)▓.▓.▓o▓,
*
▓.▓.▓.▓.▓C▓,
,*
▓.▓.▓:▓.▓@▓
▓.▓.▓.▓.▓(▓
, *,
▓)▓.▓.▓.▓.▓
, , * *
▓.▓.▓.▓.▓.▓,
, ,* *,
▓)▓.▓.▓.▓.▓
, *
▓.▓.▓.▓.▓.▓
* , ,
▓.▓.▓.▓.▓.▓,
, *
▓.▓.▓'▓.▓.▓
* ,*
▓.▓.▓.▓.▓.▓
, * *


You could see a stone giant, an orc warrior, 3 orc priests and an orc wizard.

Vanquished Creatures
  Gastronok (D)
  3 hydras (D)
  4 lindwurms (D)
  A hill giant (D)
  2 orc knights (D)
  A griffon (D)
  A salamander (shapeshifter) (D)
  An elephant (D)
  2 black mambas (D)
  2 spiny frogs (D)
  2 giant leeches (D)
  2 wraiths (D)
  A yak (D)
  Eustachio (D)
  2 hippogriffs (D)
  A steam dragon (D)
  A water moccasin (D)
  An orc warrior (D)
  A black bear (D)
  4 crocodiles (D)
  A giant frog (D)
  A scorpion (D)
  A wight (D)
  A crimson imp (D)
  A quasit (D)
  2 orc wizards (D)
  A worker ant (D)
  An adder (D)
  2 adder skeletons (D)
  2 worms (D)
  An orc (D)
  A bat zombie (D)
  2 hobgoblins (D)
  A giant newt (D)
  2 rats (D)
54 creatures vanquished.

Notes
Turn   | Place    | Note
--------------------------------------------------------------
     0 | D        | rftp080 the Deep Dwarf Gladiator began the quest for the Orb.
     0 | D        | Reached XP level 1. HP: 19/19 MP: 1/1
    21 | D        | Noticed an orc wizard
    21 | D        | Noticed a scorpion
    28 | D        | Killed a scorpion
    28 | D        | Reached skill level 5 in Maces & Flails
    28 | D        | Reached XP level 2. HP: 28/28 MP: 2/2
    28 | D        | Reached XP level 3. HP: 34/34 MP: 3/3
    30 | D        | Reached skill level 5 in Dodging
    44 | D        | Reached skill level 6 in Maces & Flails
    44 | D        | Reached XP level 4. HP: 30/44 MP: 4/4
    52 | D        | Found a glowing silver altar of Zin.
    52 | D        | Found a glowing golden altar of the Shining One.
    52 | D        | Found an ancient bone altar of Kikubaaqudgha.
    52 | D        | Found a basalt altar of Yredelemnul.
    52 | D        | Found a shimmering altar of Xom.
    52 | D        | Found a radiant altar of Vehumet.
    53 | D        | Found an iron altar of Okawaru.
    54 | D        | Found a burning altar of Makhleb.
    55 | D        | Found a deep blue altar of Sif Muna.
    56 | D        | Found a bloodstained altar of Trog.
    57 | D        | Found a sparkling altar of Nemelex Xobeh.
    58 | D        | Found a white marble altar of Elyvilon.
    59 | D        | Found a roughly hewn altar of Beogh.
    60 | D        | Found a viscous altar of Jiyva.
    61 | D        | Found a corrupted altar of Lugonu.
    62 | D        | Became a worshipper of Makhleb the Destroyer
    63 | D        | Found a blossoming altar of Fedhas.
    64 | D        | Found a snail-covered altar of Cheibriados.
    65 | D        | Found a shadowy altar of Dithmenos.
    66 | D        | Found a stormy altar of Qazlal.
    67 | D        | Found an opulent altar of Gozag.
    68 | D        | Found a sacrificial altar of Ru.
    69 | D        | Found an oddly glowing altar of Pakellas.
   115 | D        | Noticed a wraith
   115 | D        | Noticed a hill giant
   115 | D        | Noticed a black bear
   115 | D        | Noticed a hippogriff
   125 | D        | Killed a hippogriff
   125 | D        | Reached * piety under Makhleb
   125 | D        | Reached skill level 5 in Fighting
   125 | D        | Reached skill level 8 in Maces & Flails
   125 | D        | Reached skill level 5 in Armour
   125 | D        | Reached XP level 5. HP: 35/52 MP: 5/5
   129 | D        | Killed a black bear
   129 | D        | Reached XP level 6. HP: 53/61 MP: 6/6
   135 | D        | Killed a hill giant
   135 | D        | Reached skill level 10 in Maces & Flails
   135 | D        | Reached XP level 7. HP: 63/72 MP: 7/7
   141 | D        | Killed a wraith
   141 | D        | Reached ** piety under Makhleb
   141 | D        | Reached skill level 11 in Maces & Flails
   153 | D        | Noticed a wraith
   153 | D        | Noticed a golden eye
   166 | D        | a golden eye changed into something unseen
   169 | D        | Noticed a yaktaur
   177 | D        | Reached *** piety under Makhleb
   177 | D        | Reached XP level 8. HP: 61/80 MP: 8/8
   214 | D        | Noticed a manticore
   214 | D        | a yaktaur changed into a manticore
   215 | D        | Noticed a guardian serpent
   215 | D        | a manticore changed into a guardian serpent
   216 | D        | Noticed a salamander
   216 | D        | a guardian serpent changed into a salamander
   225 | D        | Killed a salamander
   225 | D        | Reached **** piety under Makhleb
   225 | D        | Reached skill level 12 in Maces & Flails
   225 | D        | Reached skill level 10 in Dodging
   289 | D        | Noticed Eustachio
   298 | D        | Killed Eustachio
   351 | D        | Identified Jounlicu's Guide on Ice (You found it in the Dungeon)
   359 | D        | Noticed a black mamba
   359 | D        | Noticed a spiny frog
   363 | D        | Noticed a griffon
   381 | D        | Killed a spiny frog
   381 | D        | Reached skill level 13 in Maces & Flails
   381 | D        | Gained mutation: You passively map the area around you. [Deep Dwarf growth]
   381 | D        | Reached XP level 9. HP: 43/90 MP: 9/9
   386 | D        | Reached ***** piety under Makhleb
   386 | D        | Reached skill level 10 in Armour
   401 | D        | Killed a black mamba
   408 | D        | Killed a griffon
   413 | D        | Reached skill level 14 in Maces & Flails
   424 | D        | Noticed an elephant
   424 | D        | Noticed a spiny frog
   424 | D        | Noticed a five-headed hydra
   426 | D        | Noticed a seven-headed hydra
   429 | D        | Killed a spiny frog
   429 | D        | Reached ****** piety under Makhleb
   432 | D        | Noticed a black mamba
   434 | D        | Killed a five-headed hydra
   434 | D        | Reached skill level 10 in Fighting
   434 | D        | Reached XP level 10. HP: 91/102 MP: 10/10
   436 | D        | Noticed a seven-headed hydra
   437 | D        | Killed an elephant
   437 | D        | Reached skill level 15 in Maces & Flails
   444 | D        | Killed a seven-headed hydra
   454 | D        | Killed a seven-headed hydra
   466 | D        | Killed a black mamba
   479 | D        | Noticed a lindwurm
   479 | D        | Noticed a lindwurm
   479 | D        | Noticed a lindwurm
   485 | D        | Killed a lindwurm
   485 | D        | Reached skill level 16 in Maces & Flails
   491 | D        | Killed a lindwurm
   502 | D        | Noticed a lindwurm
   511 | D        | Killed a lindwurm
   511 | D        | Reached XP level 11. HP: 111/111 MP: 11/11
   528 | D        | Killed a lindwurm
   639 | D        | Noticed Sonja
   677 | D        | Noticed Gastronok
   685 | D        | HP: 4/111 [Gastronok/the air (10)]
   694 | D        | Killed Gastronok
   694 | D        | Reached skill level 17 in Maces & Flails
   741 | D        | Noticed an orc knight
   741 | D        | Noticed an orc knight
   752 | D        | Killed an orc knight
   753 | D        | Noticed a stone giant
   767 | D        | Killed an orc knight
   767 | D        | HP: 2/114 [stone giant/large rock (27)]
   769 | D        | Demolished by a stone giant

Skill      XL: |  1  2  3  4  5  6  7  8  9 10 11 |
---------------+----------------------------------+-----
Fighting       | 3 5 7 8 10 11 12 | 12.0
Maces & Flails | 5 6 8 10 11 13 14 16 17 | 17.5
Armour         | 3 5 6 8 9 11 12 13 | 13.7
Dodging        | 4 5 6 7 8 9 10 12 13 14 | 14.2
Throwing       | |  1.7

Action                   |  1- 3 |  4- 6 |  7- 9 | 10-12 || total
-------------------------+-------+-------+-------+-------++-------
Melee: Flail             |    28 |       |       |       ||    28
       Morningstar       |       |    18 |   110 |   123 ||   251
Evoke: Wand              |       |     1 |     5 |       ||     6
  Use: Potion            |     1 |     1 |     1 |     4 ||     7
       Scroll            |       |       |       |     2 ||     2
 Stab: Invisible         |       |     1 |     2 |       ||     3
Armor: Leather armour    |     2 |       |       |       ||     2
       Chain mail        |       |    11 |    49 |    53 ||   113
Dodge: Dodged            |    10 |    18 |   108 |    77 ||   213
